 Dungeon Crawl Stone Soup version 0.31-a0-145-g046c7d2549 (webtiles) character file.

Game seed: 13279933343711476345

235 night the Shooter (level 6, -1/48 HPs)
             Began as a Barachi Hunter on June 6, 2023.
             Was an Initiate of Cheibriados.
             Killed by divine providence
             ... invoked by an orc priest
              (12 damage)
             ... on level 4 of the Dungeon.
             The game lasted 00:07:10 (2654 turns).

night the Shooter (Barachi Hunter)                  Turns: 2654, Time: 00:07:11

Health: -1/48      AC:  5    Str: 14    XL:     6   Next: 6%
Magic:  7/7        EV: 13    Int: 10    God:    Cheibriados [......]
Gold:   200        SH:  0    Dex: 18    Spells: 4/7 levels left

rFire   . . .        a - +0 shortbow
rCold   . . .        (shield currently unavailable)
rNeg    . . .        c - +0 leather armour
rPois   .            m - +0 helmet
rElec   .            o - +0 cloak
rCorr   .            (no gloves)
SInv    .            (no boots)
Will    .....        (no amulet)
Stlth   ++           (no ring)
HPRegen 0.28/turn    (no ring)
MPRegen 0.10/turn

%: no passive effects
@: very slow
A: amphibious, slowness 1, strong legs 1, +LOS
a: Hop, Renounce Religion


You were on level 4 of the Dungeon.
You worshipped Cheibriados.
Cheibriados was noncommittal.
You visited 1 branch of the dungeon, and saw 4 of its levels.

You collected 200 gold pieces.

Inventory:

Hand Weapons
 a - a +0 shortbow (weapon)
Missiles
 d - 38 stones
Armour
 c - a +0 leather armour (worn)
 m - a +0 helmet (worn)
 o - a +0 cloak (worn)
Scrolls
 b - a scroll of butterflies
 f - 3 scrolls of identify {unknown}
 i - 2 scrolls of enchant weapon {unknown}
 j - 2 scrolls of silence {unknown}
 n - a scroll of amnesia {unknown}
 p - a scroll of teleportation {unknown}
 q - a scroll of fog {unknown}
 s - a scroll of enchant armour {unknown}
Potions
 e - a potion of heal wounds {unknown}
 g - a potion of degeneration {unknown}
 h - 3 potions of curing
 k - a potion of haste {unknown}
 l - a potion of attraction {unknown}
 r - a potion of might {unknown}


   Skills:
 + Level 3.9 Fighting
 * Level 5.6 Ranged Weapons
 + Level 3.6 Dodging
 - Level 0.8 Stealth
 + Level 1.0 Spellcasting
 + Level 1.2 Poison Magic


You had 4 spell levels left.
You knew the following spells:

 Your Spells              Type           Power      Damage    Failure   Level
a - Sting                 Tmut/Pois      4%         1d3       34%         1
b - Poisonous Vapours     Pois/Air       2%         N/A       45%         2

Your spell library contained the following spells:

 Spells                   Type           Power      Damage    Failure   Level
 Necrotise                Necr           0%         1d4       41%         1
 Lesser Beckoning         Tloc           0%         N/A       54%         2
 Gell's Gravitas          Tloc           0%         N/A       78%         3
 Teleport Other           Tloc           0%         N/A       78%         3
 Vampiric Draining        Necr           0%         2d6       78%         3
 Olgreb's Toxic Radiance  Pois           3%         N/A       95%         4
 Agony                    Necr           0%         N/A       100%        5


Dungeon Overview and Level Annotations

Branches:
Dungeon (4/15)
 Temple: D:4-7

Altars:
Cheibriados
Sif Muna
Xom


Innate Abilities, Weirdness & Mutations

You are amphibious.
You cover ground slowly.
You can hop short distances.
You have an extended range of vision and can be seen from far away.


Message History

You kill the orc!
Cheibriados appreciates the change of pace.
You shoot an arrow.
The arrow closely misses the orc priest.
The arrow hits the endoplasm.
The endoplasm is moderately wounded.
You shoot an arrow. The arrow barely misses the orc priest.
The arrow hits the endoplasm.
The endoplasm is heavily wounded.
You shoot an arrow. The arrow hits the orc priest.
The orc priest is moderately wounded.
The orc priest hits you but does no damage.
You shoot an arrow.
The arrow closely misses the orc priest.
The arrow hits the endoplasm.
You kill the endoplasm!
Cheibriados thoroughly appreciates the change of pace.
The orc priest calls down the wrath of Beogh upon you.
Beogh smites you!
You shoot an arrow.
The arrow hits the orc priest but does no damage.
The orc priest is moderately wounded.
The orc priest completely misses you.
You shoot an arrow. The arrow hits the orc priest.
The orc priest is heavily wounded.
The orc priest closely misses you.
You shoot an arrow.
The arrow hits the orc priest but does no damage.
The orc priest is heavily wounded.
The orc priest hits you with a +0 club.
The orc priest calls down the wrath of Beogh upon you.
Beogh smites you!
* * * LOW HITPOINT WARNING * * *
You are too injured to fight recklessly!
You shoot an arrow.
The arrow hits the orc priest but does no damage.
The orc priest is heavily wounded.
The orc priest invokes the aid of Beogh against you.
Beogh smites you!
You die...

#.# #.# #.# #.#
#.# #.# #.#
#.#############.
#......@o.).)...
###############.


You could see an orc priest.

Vanquished Creatures
  An orc priest (D:3)
  An iguana (D:3)
  6 adders
  2 worms
  3 dart slugs
  5 orcs
  6 endoplasms
  6 giant cockroaches
  5 goblins
  9 hobgoblins
  16 jackals
  5 quokkas
  11 ball pythons
  4 bats
  5 frilled lizards
  8 kobolds
  8 rats
101 creatures vanquished.

Notes
Turn   | Place    | Note
-------+----------+-------------------------------------------
     0 | D:1      | night the Barachi Hunter began the quest for the Orb.
     0 | D:1      | Reached XP level 1. HP: 17/17 MP: 1/1
    70 | D:1      | Reached XP level 2. HP: 19/23 MP: 2/2
   282 | D:1      | Reached XP level 3. HP: 28/28 MP: 3/3
   538 | D:1      | Found a faded altar of an unknown god.
   538 | D:1      | Noticed a golden eye
   552 | D:1      | Noticed a shining eye
   552 | D:1      | Noticed an eye of devastation
   552 | D:1      | Noticed a golden eye
   793 | D:2      | Reached XP level 4. HP: 14/35 MP: 4/4
   994 | D:2      | Reached skill level 5 in Ranged Weapons
  1163 | D:2      | Found a shimmering altar of Xom.
  1385 | D:2      | Reached XP level 5. HP: 41/41 MP: 5/5
  1498 | D:2      | Learned a level 1 spell: Sting
  1501 | D:2      | Learned a level 2 spell: Poisonous Vapours
  1666 | D:3      | HP: 2/41 [orc priest/divine providence (7)]
  1810 | D:3      | Reached skill level 1 in Poison Magic
  1925 | D:3      | Found a shimmering blue altar of Sif Muna.
  1980 | D:3      | Found a snail-covered altar of Cheibriados.
  1993 | D:3      | Became a worshipper of Cheibriados the Contemplative
  2578 | D:4      | Reached skill level 1 in Spellcasting
  2578 | D:4      | Reached XP level 6. HP: 48/48 MP: 7/7
  2654 | D:4      | Killed from afar by an orc priest

Illustrated notes

Levels and vault maps discovered:
D:1:      zelgadis_glass_arrival_small, layout_basic,
          hellmonk_ecumenical_altar_watching_god
D:2:      layout_rooms, basic_altar, serial_forest,
          infiniplex_forest_straight_3, infiniplex_forest_lined_room_,
          infiniplex_forest_corner_1, infiniplex_forest_zigzag_1,
          infiniplex_forest_straight_2, infiniplex_forest_clump_medium,
          infiniplex_forest_end_2, infiniplex_forest_lined_3,
          minmay_misc_feat_tiny, minmay_close_crescents
D:3:      layout_loops_cross, mainiacjoe_overflow_big_doors,
          minmay_misc_feat_iff
D:4:      minmay_diamond_boxcup, layout_loops_ring, minmay_shop_damaged,
          chequers_serial_rivers_small_b

Skill      XL: |  1  2  3  4  5 |
---------------+----------------+-----
Fighting       | 3 |  3.9
Dodging        | 3 |  3.6
Ranged Weapons | 5 |  5.6
Poison Magic   | 1 |  1.2
Spellcasting   | 1 |  1.0
Stealth        | |  0.8

Action                     |  1- 3 |  4- 6 || total
---------------------------+-------+-------++-------
   Fire: Shortbow          |   116 |   175 ||   291
   Cast: Poisonous Vapours |       |     2 ||     2
Ability: Hop               |       |     1 ||     1
    Use: Potion            |       |     1 ||     1
 Armour: Leather armour    |    16 |    22 ||    38
  Dodge: Dodged            |    36 |    43 ||    79

Table legend: (Time is in decaauts)
 A = Elapsed time spent in this place.
 B = Non-inter-level travel time spent in this place.
 C = Inter-level travel time spent in this place.
 D = Time resting spent in this place.
 E = Time spent auto-exploring this place.
 F = Levels seen in this place.
 G = Mean time per level.
                   A        B        C        D        E       F      G
               +--------+--------+--------+--------+--------+-----+--------+
         Total |   3233 |   3096 |    137 |     95 |   2330 |   4 |  808.2 |
       Dungeon |   3233 |   3096 |    137 |     95 |   2330 |   4 |  808.2 |
               +--------+--------+--------+--------+--------+-----+--------+

Top non-repeatable levels by time:
     D:3: 1221 daAuts
     D:1: 904 daAuts
     D:2: 882 daAuts
     D:4: 224 daAuts
